[Event "Gibraltar Amateurs B 2020"]
[Site "Caleta"]
[Date "2020.01.27"]
[Round "4.10"]
[White "Gonzalez Pabollet, Jesus Maria S"]
[Black "Martos Amiguet, Valentina"]
[Result "0-1"]
[ECO "D30"]
[WhiteElo "1845"]
[BlackElo "1745"]
[Annotator "NA"]
[PlyCount "108"]
[EventDate "2020.01.20"]
[EventType "swiss"]
[EventCountry "GGB"]
[SourceTitle "playchess.com"]
[Source "ChessBase"]
[SourceQuality "1"]
[TimeControl "6600+10"]

1. Nf3 d5 2. b3 Nf6 3. Bb2 e6 4. g3 Be7 5. Bg2 O-O 6. O-O c5 7. c4 Nc6 8. cxd5 exd5 9. d4 Bf5 10. Nbd2 {[%emt 0:09:04] D30: Queen's Gambit Declined: Systems without Nc3} (10. Nc3 Rc8 11. Rc1 Qa5 12. e3 Rfd8 13. dxc5 Bxc5 14. Ne2 Be7 15. a3 Be4 16. b4 Qb6 17. Nc3 a5 18. b5 Bxf3 19. Qxf3 {1-0 (37) Hera,I (2619)-Nemeth,M (2496) Budapest 2019}) 10... Rc8 11. a3 b6 $146 ({Predecessor:} 11... h6 12. dxc5 Bxc5 13. Rc1 Bb6 14. b4 Qe7 15. Nb3 Rfd8 16. e3 Ne4 17. Nfd4 Bg6 {½-½ (31) Schiavo,M (2070)-Franca,J (1816) Florianopolis 2019}) 12. e3 Ne4 13. Rc1 Re8 14. Re1 Bf6 15. Ba1 Bg4 16. h3 Bf5 17. g4 Bg6 18. Bf1 cxd4 19. exd4 Bh4 20. Re2 h5 21. Nxh4 Qxh4 22. Nf3 Qf6 23. Re3 hxg4 24. hxg4 Qf4 25. Bh3 Kh7 $2 (25... Re6 $19 {and Black stays clearly on top.} 26. Qe1 Rce8) 26. Qe1 {[%emt 0:00:41] [#]} Rh8 (26... f5 $1 $19 27. Bg2 Qxg4) 27. Kg2 Kg8 28. Ne5 Ne7 29. Rxc8+ Nxc8 30. Nd3 Qg5 31. Qc1 Ncd6 32. f3 Rxh3 33. Kxh3 Qh6+ 34. Kg2 Nf6 35. Re1 Bxd3 36. g5 $2 (36. Qxh6 $15 gxh6 37. Bc3) 36... Qg6 37. Kf2 Nh5 38. Bc3 (38. Rh1 $142) 38... Qf5 39. Bb4 Ne4+ {[%emt 0:00:11] Double Attack} 40. Ke3 Neg3 41. Kd2 Ba6 42. Re3 $2 (42. Re8+ $17 Kh7 43. Qc2) 42... Nf1+ $19 {[%emt 0:00:04] Double Attack} 43. Kc3 Nxe3 44. Qxe3 Qc8+ 45. Kb2 Qe6 46. Qc1 Qe2+ 47. Bd2 Qd3 48. Be3 Qe2+ 49. Bd2 Nf4 50. Qc2 Nd3+ 51. Ka2 Qxf3 52. Qc7 Qe2 53. Qb8+ Kh7 54. g6+ fxg6 0-1

[Event "Gibraltar Amateurs B 2020"]
[Site "Caleta"]
[Date "2020.01.27"]
[Round "4.11"]
[White "Jacob, Sydney J"]
[Black "Sagar Siya"]
[Result "0-1"]
[ECO "C48"]
[WhiteElo "1816"]
[BlackElo "1740"]
[Annotator "NA"]
[PlyCount "96"]
[EventDate "2020.01.20"]
[EventType "swiss"]
[EventCountry "GGB"]
[SourceTitle "playchess.com"]
[Source "ChessBase"]
[SourceQuality "1"]
[TimeControl "6600+10"]

1. e4 e5 2. Nf3 Nc6 3. Bb5 a6 4. Ba4 Nf6 5. O-O Be7 6. Bxc6 dxc6 7. Nc3 Bd6 8. d4 {[%emt 0:01:43] C48: Four Knights: 4 Bb5, replies other than 4...Bb4} Qe7 (8... exd4 9. Qxd4 Be7 10. Qxd8+ Bxd8 11. h3 Nd7 12. Bf4 Nf8 13. Ne2 Ne6 14. Bh2 Bf6 15. c3 Bd7 {0-1 (34) Saptarshi,R (2433)-Nikolov,M (2518) Golden Sands 2014}) 9. dxe5 Bxe5 10. Nxe5 Qxe5 11. h3 Bd7 12. Qf3 O-O-O 13. Bf4 Qe7 $146 ({Predecessor:} 13... Qa5 14. Qg3 Nh5 15. Qg5 Qxg5 16. Bxg5 {1-0 (59) Paiva,L (1753)-Laroca,A (1555) Fortaleza 2012}) 14. e5 Nd5 15. Bh2 g5 16. Ne4 h5 17. Nf6 {[%emt 0:06:40] [#]} g4 $1 18. Nxd5 cxd5 19. hxg4 (19. Qf6 $17 {might work better.} Qxf6 20. exf6) 19... hxg4 20. Qf6 Qxf6 (20... Qc5 $19 {is more deadly.} 21. Bg3 Rh5) 21. exf6 Rh6 22. Be5 Re8 23. Rfe1 Rh5 24. Bf4 {[%emt 0:05:39] [#]} (24. Bg3 $17) 24... Reh8 $1 25. f3 Rf5 $17 (25... gxf3 $19 26. g4 Rh4) 26. g3 gxf3 27. Kf2 Rh2+ 28. Kxf3 Rxc2 29. Re7 Be6 30. Rh1 b6 31. Ke3 Rxf6 32. Kd3 Rc6 33. Rh8+ Kb7 34. b3 Bf5+ 35. Kd4 Rfe6 36. Rxe6 Bxe6 37. Re8 Rc2 38. a4 Kc6 39. Re7 Kb7 40. Re8 c5+ 41. Ke5 Kc6 42. Kf6 d4 43. Re7 d3 44. Rc7+ Kd5 45. Rb7 d2 46. Bxd2 Rxd2 47. Rxb6 Rb2 48. a5 Kd4 0-1

[Event "Gibraltar Amateurs B 2020"]
[Site "Caleta"]
[Date "2020.01.29"]
[Round "5.1"]
[White "Nwachukwu, Chino"]
[Black "Bryant, Richard B E"]
[Result "1-0"]
[ECO "C06"]
[WhiteElo "1868"]
[BlackElo "1849"]
[Annotator "NA RC"]
[PlyCount "113"]
[EventDate "2020.01.20"]
[EventType "swiss"]
[EventCountry "GGB"]
[SourceTitle "playchess.com"]
[Source "ChessBase"]
[SourceQuality "1"]
[TimeControl "6600+10"]

1. e4 e6 2. d4 d5 3. Nd2 Nf6 4. e5 Nfd7 5. Bd3 c5 6. c3 Nc6 7. Ndf3 Be7 8. Ne2 cxd4 9. cxd4 f5 {[%emt 0:01:32] C06: French Tarrasch: 3...Nf6 4 e5 Nfd7 5 Bd3 main lines} (9... O-O 10. O-O f6 11. exf6 Nxf6 12. Re1 Bb4 13. Bd2 Bxd2 14. Qxd2 Qd6 15. Ng3 Bd7 16. Rac1 Rae8 17. Bb5 Nd8 18. Bf1 Nf7 19. Ne5 Qb6 20. h3 {0-1 (35) Radzhabov,R (2406)-Alikhanov,F (2455) Sochi 2019}) 10. Nf4 Nb6 11. h4 O-O $146 ({Predecessor:} 11... Qc7 12. Be3 Nc4 13. Bxc4 dxc4 14. Nd2 b5 15. Qh5+ Kd7 16. Qf7 Nd8 17. Qxg7 Rf8 18. d5 exd5 19. Nxd5 Rf7 20. e6+ {1-0 (20) Spiropoulos,P-Garneli,E Ikaros 1999}) 12. g3 Bd7 13. a3 Re8 14. Kf1 a5 15. Kg2 a4 {[%emt 0:00:31] [#]} 16. Bd2 (16. Ng5 $142 $1 g6 (16... Bxg5 17. hxg5) 17. Nfxe6 Bxe6 18. Nxe6) 16... Na5 {[%emt 0:01:40] [#]} 17. Bc3 $2 (17. Ng5 $1 $18 g6 (17... Bxg5 18. hxg5) 18. Ngxe6 Bxe6 19. Bxa5 Rxa5 20. Nxe6) 17... Nb3 18. Rb1 Bf8 19. Bc2 Na5 20. Ng5 g6 21. Qe2 Nac4 22. Rh2 Rc8 23. Qf3 Bh6 24. Rbh1 Rc7 25. Nh5 Bxg5 26. hxg5 gxh5 27. Rxh5 Re7 {[%emt 0:00:43] [#]} 28. g6 $1 Be8 29. gxh7+ Kh8 30. Rh6 Bf7 {[%emt 0:00:29] [#]} 31. Bxf5 $1 exf5 32. Qxf5 Re8 {[%emt 0:03:23] [#]} 33. e6 $2 {[%emt 0:01:02] [#]} ({White must play} 33. Bb4 $1 $18) 33... Bxe6 $1 34. Rxe6 Rxe6 35. Qxe6 Rc6 36. Qf7 (36. Qg4 $11) 36... Rc7 37. Qf5 Rg7 38. Rh6 Qb8 $2 (38... Qe7 $11) 39. Qf6 $2 (39. Re6 $18) 39... Ne3+ 40. Kf3 Ng4 41. Qxg7+ Kxg7 42. h8=Q+ Qxh8 43. Rxh8 Kxh8 44. Kxg4 Kg7 45. Kf5 Kf7 46. g4 Nc4 47. g5 Kg7 48. f4 Ne3+ 49. Ke5 Kg6 50. Ke6 Ng2 $18 51. f5+ Kxg5 52. Bd2+ Kh5 53. f6 Nh4 54. f7 Ng6 55. Kxd5 Nf8 56. Bb4 Nh7 57. f8=Q 1-0

[Event "Gibraltar Amateurs B 2020"]
[Site "Caleta"]
[Date "2020.01.29"]
[Round "5.2"]
[White "Hari Charan Sai Kalluri"]
[Black "Teh, Wee Zhun"]
[Result "1-0"]
[ECO "B13"]
[WhiteElo "1836"]
[BlackElo "1857"]
[Annotator "NA RC"]
[PlyCount "70"]
[EventDate "2020.01.20"]
[EventType "swiss"]
[EventCountry "GGB"]
[SourceTitle "playchess.com"]
[Source "ChessBase"]
[SourceQuality "1"]
[TimeControl "6600+10"]

1. d4 d5 2. Nf3 Nf6 3. e3 c5 4. Bd3 Nc6 5. O-O Bg4 6. c3 e6 7. Nbd2 cxd4 8. exd4 Bd6 9. Re1 O-O {[%emt 0:00:12] B13: Caro-Kann: Exchange Variation and Panov-Botvinnik Attack} 10. b4 $146 ({Predecessor:} 10. Nf1 Qc7 11. h3 Bh5 12. Bg5 Nd7 13. Bh4 Rab8 14. Bxh7+ Kxh7 15. Ng5+ Kh6 16. Qd3 Bg6 17. Qd2 {0-1 (32) Bacrot,E (2697)-Ivanisevic,I (2653) Berlin 2015}) 10... Rc8 11. Bb2 Qc7 12. h3 Bh5 13. b5 Nb8 14. Qb3 Nbd7 15. Rac1 Nb6 16. Ne5 Rfd8 17. c4 dxc4 18. Ndxc4 Nxc4 19. Bxc4 Qb8 20. f4 Bg6 21. Qf3 Bb4 22. Re2 Nd7 {[%emt 0:06:25] [#]} 23. g4 $2 (23. d5 $1 $16 exd5 24. f5) 23... Nxe5 24. dxe5 Bd2 25. Rd1 Be3+ (25... Rxc4 $17 26. Rexd2 Rxd2 27. Rxd2 Be4) 26. Rxe3 Rxd1+ 27. Qxd1 Rxc4 28. Qf3 (28. f5 $11 {remains equal.} exf5 29. Rd3) 28... Qc8 29. h4 (29. Rc3 $17 {is a better defense.}) 29... h5 30. gxh5 Bf5 31. Kh2 Qd8 32. Qf2 $2 (32. Kg3) 32... Qd1 33. Rc3 Re4 (33... Rxc3 $2 34. Bxc3 Qxh5 35. b6 $19) 34. Re3 Rxe3 35. Qxe3 Qc2+ $19 {[%emt 0:00:11] Double Attack} 1-0

[Event "Gibraltar Amateurs B 2020"]
[Site "Caleta"]
[Date "2020.01.29"]
[Round "5.3"]
[White "Dumont, Andre"]
[Black "Campuzano, Franco"]
[Result "1-0"]
[ECO "B20"]
[WhiteElo "1872"]
[BlackElo "1785"]
[Annotator "NA RC"]
[PlyCount "63"]
[EventDate "2020.01.20"]
[EventType "swiss"]
[EventCountry "GGB"]
[SourceTitle "playchess.com"]
[Source "ChessBase"]
[SourceQuality "1"]
[TimeControl "6600+10"]

1. e4 e6 2. b3 c5 3. Bb2 d5 4. exd5 exd5 5. Bb5+ Nc6 (5... Bd7 6. Qe2+ Qe7 7. Nc3 Qxe2+ 8. Bxe2 d4 9. Nb5 Kd8 10. c3 a6 11. Na3 dxc3 12. dxc3 Nc6 {1-0 (33) Aronian,L (2752)-Van Wely,L (2647) Monte Carlo 2006}) 6. Qe2+ {[%emt 0:00:08] B20: Sicilian: Unusual White 2nd moves} Qe7 7. Qxe7+ Ngxe7 8. Nc3 $146 ({Predecessor:} 8. Ne2 Bf5 9. O-O Bxc2 10. Rc1 Bxb1 11. Raxb1 a6 12. Bxc6+ Nxc6 {0-1 (34) Modi,K (1938)-Jaufarally,N (1988) Hull 2018}) 8... Bf5 9. O-O-O (9. Bxc6+ $1 $11 bxc6 10. O-O-O) 9... O-O-O 10. Bxc6 Nxc6 11. Kb1 Nb4 12. d3 c4 13. a3 $2 (13. Nf3 {might work better.}) 13... cxd3 14. Rd2 dxc2+ 15. Ka1 d4 16. Nce2 Kb8 17. axb4 Bxb4 (17... d3 $17 18. Nf3 Rc8) 18. Rxd4 Rxd4 19. Bxd4 Re8 20. Kb2 Re4 $2 {[%emt 0:05:55] [#]} (20... Bd2 $14) 21. Be3 $1 Be7 22. Nf3 Rb4 23. Ned4 Bf6 (23... Be4 {is a better defense.} 24. Bf4+ (24. Nxc2 Bf6+ 25. Ka3 Rb5 $18) 24... Kc8) 24. Ka3 Rb6 25. Nxf5 Ra6+ 26. Kb4 Ra2 27. Rc1 a5+ 28. Kc4 b5+ 29. Kxb5 Rb2 30. Kc4 a4 31. bxa4 Ra2 32. Bd4 $18 1-0

[Event "Gibraltar Amateurs B 2020"]
[Site "Caleta"]
[Date "2020.01.29"]
[Round "5.4"]
[White "Nash, Damian"]
[Black "Anjali R. Sagar"]
[Result "1-0"]
[ECO "A00"]
[WhiteElo "1890"]
[BlackElo "1775"]
[Annotator "NA RC"]
[PlyCount "87"]
[EventDate "2020.01.20"]
[EventType "swiss"]
[EventCountry "GGB"]
[SourceTitle "playchess.com"]
[Source "ChessBase"]
[SourceQuality "1"]
[TimeControl "6600+10"]

1. Nc3 d5 2. e4 dxe4 3. Nxe4 Bf5 4. Ng3 Bg6 5. Nf3 e6 6. d4 {[%emt 0:01:56] A00: Irregular Openings} (6. h4 h6 7. Ne5 Ne7 8. Nxg6 Nxg6 9. h5 Ne7 10. d4 Nbc6 11. c3 e5 12. Qb3 exd4 13. Bc4 Ne5 14. Qxb7 Rb8 15. Qa6 Nxc4 16. Qxc4 dxc3 17. Qxc3 Nd5 18. Qc6+ Qd7 19. Qxd7+ Kxd7 20. O-O Bd6 {½-½ (20) Pridorozhni,A (2579)-Usmanov,V (2431) Sochi 2016}) 6... Be7 7. h4 h6 8. h5 $146 ({Predecessor:} 8. c3 c6 9. Ne5 Bh7 10. Qh5 g6 11. Qf3 Bf6 12. Ne4 Qe7 13. Bf4 Nd7 {½-½ (32) Helmsen,F (1998)-Mewes,H (1645) Plau am See 2005}) 8... Bh7 9. Be3 Nf6 10. Bd3 Bxd3 11. Qxd3 Nbd7 12. O-O-O c6 13. Kb1 Qc7 14. Rhe1 O-O-O 15. Qb3 Ng4 16. c4 c5 17. d5 exd5 18. cxd5 Nxe3 19. Rxe3 c4 20. Qa4 Bc5 21. Rc3 Nb6 {[%emt 0:04:49] Double Attack} 22. Qc2 Kb8 23. a3 Rhe8 24. Ne4 Bf8 25. d6 Bxd6 26. Nxd6 Rxd6 27. Rxd6 Qxd6 28. Nd2 (28. Qd2 $17 Qf6 29. Ka2) 28... Re1+ 29. Ka2 Qe6 30. Qh7 Re2 31. Nb1 {[%emt 0:03:40] [#]} Na4 $1 {[%emt 0:02:43] Double Attack} 32. Qxg7 Nxc3+ $2 (32... Rxb2+ $19 {has better winning chances.} 33. Ka1 {[#]} Rxb1+ $1 34. Kxb1 Qb6+ {[%mdl 64] Double Attack} 35. Rb3 Qxb3+ {[%mdl 64] Double Attack} 36. Kc1 Qxa3+ 37. Kc2 Qd3+ 38. Kc1 Qf1+ {[%mdl 64] Double Attack} 39. Kc2 Qxf2+ 40. Kb1 a6 41. Qf8+ Ka7) 33. Nxc3 Re5 34. g4 {[%emt 0:00:48] [#]} Rg5 $1 35. Qf8+ Qc8 36. Qd6+ Ka8 37. Nd5 Rxd5 38. Qxd5 Qc7 39. g5 a6 40. g6 fxg6 41. hxg6 c3 42. Qf7 Qc5 43. bxc3 Qxc3 44. Qe8+ 1-0

[Event "Gibraltar Amateurs B 2020"]
[Site "Caleta"]
[Date "2020.01.29"]
[Round "5.5"]
[White "Diaz Gallego, Saul"]
[Black "Bowman, Richard L"]
[Result "1/2-1/2"]
[ECO "A40"]
[WhiteElo "1801"]
[BlackElo "1740"]
[Annotator "NA RC"]
[PlyCount "84"]
[EventDate "2020.01.20"]
[EventType "swiss"]
[EventCountry "GGB"]
[SourceTitle "playchess.com"]
[Source "ChessBase"]
[SourceQuality "1"]
[TimeControl "6600+10"]

1. d4 c6 2. Bf4 d6 3. e3 Nf6 4. c3 Qc7 5. Bc4 e5 6. dxe5 dxe5 7. Bg3 h5 8. h3 ({White should play} 8. Nf3 $14 Nbd7 9. Nbd2 (9. Ng5 h4 $15)) 8... Bd6 9. Nf3 Bf5 10. Nbd2 b5 11. Bb3 Na6 12. Nh4 ({White should play} 12. Bc2 $14 Bxc2 13. Qxc2) 12... Bh7 13. Bc2 e4 14. Bxd6 Qxd6 15. g3 Nc5 16. O-O $2 ({Better is} 16. a4 $15) 16... Qe6 17. Kh2 Rd8 18. Qe2 g5 19. Ng2 Bf5 20. Nb3 Nxb3 21. Bxb3 Qc8 22. Rad1 ({Only move:} 22. f4 $15 g4 23. h4) 22... Ke7 (22... Bxh3 $17 23. Rxd8+ Kxd8) 23. Rxd8 Rxd8 24. Rd1 Rxd1 25. Qxd1 Bxh3 26. Qd4 Be6 27. Qxa7+ Nd7 28. Bxe6 Kxe6 29. Ne1 Ne5 30. Qd4 Kf5 31. Kg2 Qa6 32. a3 b4 33. Qd1 bxa3 34. bxa3 g4 35. Nc2 {[%emt 0:00:31] [#]} c5 $1 36. Qd5 {[%emt 0:02:36] [#]} Qd3 (36... Qc4 $1 $17 37. Qxc4 Nxc4) 37. Nd4+ $1 cxd4 38. cxd4 $11 {[%emt 0:00:02] Pin} f6 39. a4 Qd1 40. Qb5 Qf3+ 41. Kg1 Qd1+ 42. Kg2 Qf3+ 1/2-1/2

[Event "Gibraltar Amateurs B 2020"]
[Site "Caleta"]
[Date "2020.01.29"]
[Round "5.6"]
[White "Martos Amiguet, Valentina"]
[Black "Johansson, Daniel"]
[Result "0-1"]
[ECO "D02"]
[WhiteElo "1745"]
[BlackElo "1859"]
[Annotator "NA RC"]
[PlyCount "104"]
[EventDate "2020.01.20"]
[EventType "swiss"]
[EventCountry "GGB"]
[SourceTitle "playchess.com"]
[Source "ChessBase"]
[SourceQuality "1"]
[TimeControl "6600+10"]

1. d4 d5 2. Bf4 e6 3. e3 Bd6 4. Bg3 Nf6 5. Nf3 O-O 6. Nbd2 c5 7. c3 Nc6 8. Bb5 {[%emt 0:00:37] D02: 1 d4 d5 2 Nf3 sidelines, including 2...Nf6 3 g3 and 2...Nf6 3 Bf4} a6 (8... Ne7 9. Bd3 Qb6 10. Rb1 Bd7 11. Ne5 Bb5 12. c4 dxc4 13. Nexc4 Bxc4 14. Nxc4 Qb4+ 15. Kf1 Bxg3 {½-½ (42) Grachev,B (2614)-Karjakin,S (2754) Moscow 2019}) 9. Bd3 Re8 10. Ne5 Qe7 $146 ({Predecessor:} 10... Qc7 11. f4 b5 12. Bh4 Be7 13. O-O h6 14. Kh1 Nd7 15. Qh5 Ndxe5 16. fxe5 Bxh4 17. Qxh4 {1-0 (61) Wagner,M (1563)-Werner,R (1639) Willingen 2018}) 11. O-O Nd7 12. Ndf3 Nf8 13. Bh4 Qc7 14. Bg3 f6 15. Nxc6 Bxg3 16. hxg3 Qxc6 17. Re1 e5 18. e4 exd4 19. exd5 $1 Rxe1+ 20. Qxe1 Qxd5 21. cxd4 Bf5 22. Bxf5 Qxf5 23. dxc5 Qxc5 24. Rc1 Qb5 25. Nd4 Qd5 26. Nf3 Rd8 27. Qe7 Rd7 28. Qe8 Qxa2 29. Rc8 Qf7 30. Qe4 Rc7 31. Rb8 g6 32. g4 h6 (32... Rc1+ $17 33. Ne1 Qc7) 33. Qf4 Kg7 34. Nd4 Rd7 35. Nf3 Ne6 36. Qc1 Rc7 37. Qd2 Qd7 38. Qe2 Rc1+ 39. Ne1 Nf4 (39... Nd4 $19 40. Qe3 Rb1) 40. Qe4 Nd3 41. Re8 $2 (41. Rxb7 $11 Rxe1+ {[%mdl 64] [#] Double Attack} 42. Kh2 $1 Rxe4 43. Rxd7+ Kg8 44. Rxd3) 41... Rxe1+ 42. Qxe1 Nxe1 43. Rxe1 Kf7 $19 44. f3 Qd4+ 45. Kf1 Qxb2 46. Rd1 b5 47. Re1 b4 48. Re2 Qxe2+ 49. Kxe2 Ke6 50. Kd3 Ke5 51. Kc4 a5 52. Kb5 b3 0-1

[Event "Gibraltar Amateurs B 2020"]
[Site "Caleta"]
[Date "2020.01.29"]
[Round "5.7"]
[White "Sagar Siya"]
[Black "Marani, Luca"]
[Result "1-0"]
[ECO "C65"]
[WhiteElo "1740"]
[BlackElo "1796"]
[Annotator "NA RC"]
[PlyCount "91"]
[EventDate "2020.01.20"]
[EventType "swiss"]
[EventCountry "GGB"]
[SourceTitle "playchess.com"]
[Source "ChessBase"]
[SourceQuality "1"]
[TimeControl "6600+10"]

1. e4 e5 2. Nf3 Nc6 3. Bb5 Bc5 4. O-O Nf6 5. c3 Nxe4 6. d4 exd4 7. cxd4 Bb6 8. Re1 d5 9. Ne5 Qd6 10. Bf4 O-O 11. Bxc6 bxc6 12. f3 Qb4 13. Nxc6 Qxb2 14. fxe4 Qxa1 15. Qd2 Bb7 16. Nc3 Qxe1+ 17. Qxe1 Bxc6 18. Nxd5 Bxd4+ 19. Be3 Bxe3+ 20. Qxe3 Bxd5 21. exd5 Rfd8 22. Qc5 Rd7 23. h3 h6 24. a4 a5 25. Kf2 Ra6 26. Ke3 f5 27. g4 Rad6 28. Qxa5 Rxd5 29. Qa6 Re7+ 30. Kf3 Kh7 31. Qc4 fxg4+ 32. hxg4 Rde5 33. Qd3+ g6 34. Qc3 Kg8 35. a5 R5e6 36. Qc4 Rf7+ 37. Kg2 Re1 38. a6 Ra1 39. Kg3 g5 40. Qc6 Ra3+ 41. Kg2 Kg7 42. Qc4 Raf3 43. Qd4+ Kg8 44. a7 Rf8 45. Qd5+ Kg7 46. Qxf3 1-0

[Event "Gibraltar Amateurs B 2020"]
[Site "Caleta"]
[Date "2020.01.29"]
[Round "5.8"]
[White "Salas Martin, Javier"]
[Black "Mircov, Nicola-Alexandar"]
[Result "0-1"]
[ECO "A77"]
[WhiteElo "1738"]
[BlackElo "1788"]
[Annotator "NA RC"]
[PlyCount "108"]
[EventDate "2020.01.20"]
[EventType "swiss"]
[EventCountry "GGB"]
[SourceTitle "playchess.com"]
[Source "ChessBase"]
[SourceQuality "1"]
[TimeControl "6600+10"]

1. d4 c5 2. d5 e6 3. c4 exd5 4. cxd5 a6 5. a4 g6 6. Nc3 d6 7. e4 Bg7 8. Nf3 Nf6 9. Be2 O-O 10. O-O Re8 11. Nd2 Nbd7 12. Re1 Qc7 13. h3 Rb8 14. Bf1 Nh5 15. Nc4 Ne5 16. Na3 c4 17. Be3 Kh8 18. g4 Nf6 19. f4 Nd3 20. Bxd3 cxd3 21. Qxd3 h5 22. g5 Nd7 23. Rac1 Nc5 24. Qc4 Qd7 25. Bd4 Qxh3 26. Bxg7+ Kxg7 27. Qd4+ Kg8 28. Qe3 Nd3 29. Qxh3 Bxh3 30. Re3 Nxc1 31. Rxh3 Rbc8 32. Re3 Nb3 33. e5 Nd4 34. Ne4 dxe5 35. Nf6+ Kf8 36. Nxe8 Rxe8 37. fxe5 Rxe5 38. Rxe5 Nf3+ 39. Kg2 Nxe5 40. Nc2 Nc4 41. b3 Nd2 42. Nd4 Ne4 43. Kf3 Nxg5+ 44. Kf4 f6 45. b4 Ke7 46. Nb3 b6 47. a5 bxa5 48. Nxa5 Kd6 49. Nc6 Kxd5 50. Nb8 Ne6+ 51. Kg3 Nc7 52. Nd7 f5 53. Kf4 Ne6+ 54. Kf3 h4 0-1

[Event "Gibraltar Amateurs B 2020"]
[Site "Caleta"]
[Date "2020.01.29"]
[Round "5.9"]
[White "Dennis, Nigel W"]
[Black "Greco, Joseph"]
[Result "1-0"]
[ECO "B27"]
[WhiteElo "1784"]
[BlackElo "1691"]
[Annotator "NA RC"]
[PlyCount "147"]
[EventDate "2020.01.20"]
[EventType "swiss"]
[EventCountry "GGB"]
[SourceTitle "playchess.com"]
[Source "ChessBase"]
[SourceQuality "1"]
[TimeControl "6600+10"]

1. e4 c5 2. Nf3 h6 3. d4 cxd4 4. Nxd4 Nf6 5. Nc3 d6 6. Be2 a6 7. O-O e5 8. Nb3 g5 9. a4 Nc6 10. Be3 Be6 11. f3 Nh5 12. Nd5 Nf4 13. Bb6 Qc8 14. Nc7+ Ke7 15. Nxa8 Qxa8 16. Na5 Nxa5 17. Bxa5 Qa7+ 18. Kh1 h5 19. Bd2 h4 20. Bxf4 gxf4 21. Qe1 h3 22. g3 fxg3 23. Qxg3 Bh6 24. Qh4+ f6 25. Rg1 Qe3 26. Bd1 Rc8 27. Ra3 Qc1 28. Rd3 Qf4 29. Qxf4 Bxf4 30. b3 Bg5 31. c4 a5 32. Be2 b6 33. Rgd1 Rc6 34. Bf1 Bf4 35. Rb1 Kd7 36. Rc3 Bd2 37. Rc2 Bb4 38. Bd3 Bc5 39. Rf1 Be3 40. Re2 Bg5 41. Rb2 Be3 42. Re2 Bf4 43. Rg1 Bg5 44. Rg3 Rc8 45. Rb2 Bc1 46. Rb1 Bd2 47. Rg7+ Kc6 48. Rh7 Rc7 49. Rxc7+ Kxc7 50. Rg1 Bf4 51. Rg7+ Kc6 52. Rh7 Kc5 53. Bf1 Kb4 54. Re7 Bc8 55. Rc7 Be6 56. Rc6 Kxb3 57. Rxb6+ Kxa4 58. Rxd6 Bg8 59. c5 Be3 60. c6 Bb6 61. Bxh3 Bc4 62. Rxf6 Kb4 63. Be6 Bb5 64. Bd5 a4 65. Rf7 a3 66. c7 Ba6 67. Ba2 Kc5 68. h4 Kd6 69. h5 Be3 70. Rf6+ Kxc7 71. Rxa6 Kb7 72. Rxa3 Bf4 73. Bd5+ Kb6 74. Ra8 1-0

[Event "Gibraltar Amateurs B 2020"]
[Site "Caleta"]
[Date "2020.01.29"]
[Round "5.10"]
[White "Waterfield, Mark"]
[Black "Dragic, Dragan"]
[Result "0-1"]
[ECO "C45"]
[WhiteElo "1688"]
[BlackElo "1781"]
[Annotator "NA RC"]
[PlyCount "68"]
[EventDate "2020.01.20"]
[EventType "swiss"]
[EventCountry "GGB"]
[SourceTitle "playchess.com"]
[Source "ChessBase"]
[SourceQuality "1"]
[TimeControl "6600+10"]

1. e4 e5 2. Nf3 Nc6 3. Nc3 Nf6 4. d4 exd4 5. Nxd4 Nxd4 6. Qxd4 d6 7. Bg5 Be7 8. O-O-O O-O 9. f3 a6 10. g4 Be6 11. Kb1 Nxe4 12. Nxe4 Bxg5 13. Nxg5 Qxg5 14. h4 Qc5 15. Qd2 Rfe8 16. Bd3 b5 17. Rhg1 Bc4 18. Be4 d5 19. Qg5 h6 20. Qh5 Rad8 21. b3 Qb6 22. Bf5 Be2 23. Rde1 Bxf3 24. Ref1 Qe3 25. Bd3 Re5 26. Re1 Qxe1+ 27. Rxe1 Rxe1+ 28. Kb2 Be4 29. Qe5 Rc8 30. Qe7 b4 31. Qd7 Rf8 32. Bxa6 Rg1 33. Bc8 Rg2 34. Qc6 Rxc2+ 0-1